 Dungeon Crawl Stone Soup version 0.29-a0-275-g389c0b56f3 (webtiles) character file.

Game seed: 5718580005965074373

73 jmlagarto the Grave Robber (level 4, -6/34 HPs)
             Began as a Ghoul Necromancer on Mar 9, 2022.
             Was an Initiate of Sif Muna.
             Killed from afar by Natasha (7 damage)
             ... with a magic dart
             ... on level 2 of the Dungeon.
             The game lasted 00:07:42 (3118 turns).

jmlagarto the Grave Robber (Ghoul Necromancer)      Turns: 3118, Time: 00:07:42

Health: -6/34      AC:  2    Str: 11    XL:     4   Next: 27%
Magic:  4/6        EV: 12    Int: 12    God:    Sif Muna [......]
Gold:   200        SH:  0    Dex:  9    Spells: 6/8 levels left

rFire   . . .      SeeInvis .   d - +3 short sword (flame)
rCold   + . .      Faith    .   (no shield)
rNeg    + + +      Spirit   .   a - +0 robe
rPois   ∞          Reflect  .   (no helmet)
rElec   .          Harm     .   (no cloak)
rCorr   .          Rampage  .   (no gloves)
Will    .....                   (no boots)
Stlth   ++........              (no amulet)
HPRegen 0.00/turn               (no ring)
MPRegen 0.10/turn               (no ring)

@: inhibited regen, hasted, invisible, very quick
A: claws 1, cold resistance 1, negative energy resistance 3, inhibited
regeneration, torment resistance 2
a: Renounce Religion


You were on level 2 of the Dungeon.
You worshipped Sif Muna.
Sif Muna was noncommittal.
You visited 1 branch of the dungeon, and saw 3 of its levels.

You collected 200 gold pieces.

Inventory:

Hand Weapons
 d - a +3 short sword of flaming (weapon)
 f - a +2 whip of freezing
Armour
 a - a +0 robe (worn)
Scrolls
 g - a scroll of fog


   Skills:
 + Level 0.3 Fighting
 + Level 0.1 Short Blades
 + Level 2.0 Dodging
 - Level 2.1 Stealth
 + Level 2.5 Spellcasting
 + Level 5.0 Necromancy


You had 6 spell levels left.
You knew the following spells:

 Your Spells              Type           Power      Damage    Failure   Level
a - Pain                  Necr           52%        1d6       3%          1
b - Animate Skeleton      Necr           26%        N/A       3%          1

Your spell library contained the following spells:

 Spells                   Type           Power      Damage    Failure   Level
 Vampiric Draining        Necr           13%        2d6       10%         3
 Animate Dead             Necr           6%         N/A       32%         4
 Agony                    Necr           13%        N/A       67%         5


Dungeon Overview and Level Annotations

Branches:
Dungeon (3/15)

Altars:
Sif Muna

Annotations:
D:2 Natasha


Innate Abilities, Weirdness & Mutations

You thrive by killing the living.
You are immune to poison.
You have sharp fingernails.
Your flesh is cold resistant. (rC+)
You are immune to negative energy. (rN+++)
You do not regenerate when monsters are visible.
You are immune to unholy pain and torment.


Message History

Natasha misses you.
Aiming: Pain (safe; 3% risk of failure)
Press: ? - help, Q - select action, (/) - cycle Shift-Dir - straight line, f/p - Natasha
Aim: Natasha (chance to affect: 69%) Natasha struggles to resist.
The giant cockroach barely misses you.
The orc priest calls down the wrath of Beogh upon you.
Beogh smites you!
Natasha casts a spell.
The giant cockroach barely misses you. Natasha claws you!
The giant cockroach misses you.
You climb upwards.
The iron imp disappears in a puff of smoke!
There is a stone staircase leading down here.
Aiming: Pain (safe; 3% risk of failure)
Press: ? - help, Q - select action, (/) - cycle Shift-Dir - straight line, f - giant cockroach
Aim: a giant cockroach (chance to affect: 83%)
The giant cockroach writhes in agony.
You kill the giant cockroach!
Sif Muna accepts your kill. Natasha casts a spell at you.
The magic dart hits you.
Your Dodging skill increases to level 2!
There is nothing nearby to animate!
Okay, then.
It was a potion of haste.
You feel yourself speed up. Natasha claws you.
It was a potion of invisibility.
You fade into invisibility!
Natasha casts a spell at you. The magic dart hits you!
* * * LOW HITPOINT WARNING * * *
As you read the scroll of fog, it crumbles to dust.
The scroll dissolves into smoke.
Natasha claws you but does no damage. Natasha closely misses you.
There is a stone staircase leading down here.
Natasha attacks as you move away! Natasha misses you.
Natasha casts a spell at you. The magic dart hits you!
You die...

≈≈≈≈≈≈♣###.#####..............##.
.≈≈≈≈...#..# ###...............
≈P≈≈.≈....## ####.###.######.###
≈≈≈≈≈.....# ##..........## #.##
≈≈≈≈≈≈.#..# ##............###..##
≈.♣≈≈≈.#### #.<............###...
≈≈≈.≈..# #.§§§§§§§......# ####
♣≈≈≈♣.## #(§§§§§§§§.....# .♣.♣..#
#.§§@§h§§§.....# ...####
#..§§§§§§......# ...#
##..§§§§......## ####
##<.§§§.....## ############


You could see Natasha.

Vanquished Creatures
  Terence (D:3)
  2 orcs (D:3)
  A bat (D:1)
  An endoplasm (D:3)
  4 giant cockroaches
  2 goblins (D:2)
  7 hobgoblins
  6 kobolds
  3 quokkas
  3 ball pythons (D:2)
  A frilled lizard (D:1)
  4 rats
35 creatures vanquished.

Vanquished Creatures (collateral kills)
  A ball python (D:1)
  A bat (D:1)
  A kobold (D:1)
3 creatures vanquished.

Vanquished Creatures (others)
  A plant (D:2)
1 creature vanquished.

Grand Total: 39 creatures vanquished

Notes
Turn   | Place    | Note
-------+----------+-------------------------------------------
     0 | D:1      | jmlagarto the Ghoul Necromancer began the quest for the
                  | Orb.
     0 | D:1      | Reached XP level 1. HP: 14/14 MP: 2/2
    43 | D:1      | Learned a level 1 spell: Animate Skeleton
   568 | D:1      | Reached XP level 2. HP: 6/20 MP: 0/3
  1666 | D:2      | Reached XP level 3. HP: 26/26 MP: 2/5
  1724 | D:2      | Found a shimmering blue altar of Sif Muna.
  1733 | D:2      | Became a worshipper of Sif Muna the Loreminder
  2179 | D:2      | Found a faded altar of an unknown god.
  2576 | D:3      | Noticed Terence
  2594 | D:3      | Killed Terence
  2595 | D:3      | Reached XP level 4. HP: 3/34 MP: 1/6
  2886 | D:3      | Reached skill level 5 in Necromancy
  2886 | D:3      | Noticed Natasha
  3111 | D:2      | HP: 1/34 [Natasha/magic dart (10)]
  3118 | D:2      | Killed from afar by Natasha

Illustrated notes

Levels and vault maps discovered:
D:1:      heliophobic_arrival_ceremonial_halls, layout_loops_ring
D:2:      layout_rooms, basic_altar, ebering_ecumenical_altar_rust,
          serial_bayou_pond_b
D:3:      layout_loops_ring, serial_shops, nicolae_shop_stone,
          minmay_divided_ellipse, uniq_natasha, uniq_terence, uniq_grinder

Skill      XL: |  1  2  3  4 |
---------------+-------------+-----
Spellcasting   | 2 |  2.5
Necromancy     | 5 |  5.0
Dodging        | 2 |  2.0
Fighting       | |  0.3
Short Blades   | |  0.1
Stealth        | |  2.1

Action                   |  1- 3 |  4- 6 || total
-------------------------+-------+-------++-------
Melee: Unarmed           |     5 |       ||     5
       Short sword       |    42 |     2 ||    44
 Cast: Pain              |    48 |     9 ||    57
       Animate Skeleton  |     8 |     1 ||     9
  Use: Scroll            |     7 |     1 ||     8
       Potion            |     1 |     3 ||     4
Armor: Robe              |    12 |     1 ||    13
Dodge: Dodged            |    48 |    11 ||    59

Table legend: (Time is in decaauts)
 A = Elapsed time spent in this place.
 B = Non-inter-level travel time spent in this place.
 C = Inter-level travel time spent in this place.
 D = Time resting spent in this place.
 E = Time spent auto-exploring this place.
 F = Levels seen in this place.
 G = Mean time per level.
                   A        B        C        D        E       F      G
               +--------+--------+--------+--------+--------+-----+--------+
         Total |   3130 |   3074 |     56 |      0 |   2594 |   3 | 1043.3 |
       Dungeon |   3130 |   3074 |     56 |      0 |   2594 |   3 | 1043.3 |
               +--------+--------+--------+--------+--------+-----+--------+

Top non-repeatable levels by time:
     D:1: 1537 daAuts
     D:2: 1220 daAuts
     D:3: 373 daAuts
